 Dungeon Crawl Stone Soup version 0.27.1-33-g824d729ab1 (webtiles) character file.

Game seed: 15993014947661444895

105 Thatpatchoflichen the Ducker (level 4, 0/33 HPs)
             Began as an Octopode Monk on Nov 29, 2021.
             Killed by divine providence
             ... invoked by an orc priest
              (16 damage)
             ... on level 4 of the Dungeon.
             The game lasted 00:06:48 (3545 turns).

Thatpatchoflichen the Ducker (Octopode Monk)        Turns: 3545, Time: 00:06:49

Health: 0/33       AC:  5    Str: 11    XL:     4   Next: 83%
Magic:  4/4        EV: 29    Int: 12    God:
Gold:   82         SH:  0    Dex: 14    Spells: 3/3 levels left

rFire    + . .     SeeInvis .     - Unarmed
rCold    . . .     Faith    .   (no shield)
rNeg     . . .     Spirit   .   (helmet restricted)
rPois    .         Reflect  .   h - amulet of the acrobat
rElec    .         Harm     .   b - +4 ring of protection
rCorr    .         Rampage  .   g - ring of protection from fire
Will     .....                  (no ring)
Stlth    +++.......             (no ring)
HPRegen  0.11/turn              (no ring)
MPRegen  0.09/turn              (no ring)
                                (no ring)
                                (no ring)

@: acrobatic
A: almost no armour, amphibious, 8 rings, camouflage 1, gelatinous body 1,
(nimble swimmer 1), tentacles
a: no special abilities


You were on level 4 of the Dungeon.
You visited 1 branch of the dungeon, and saw 4 of its levels.

You collected 82 gold pieces.

Inventory:

Missiles
 l - 19 poisoned darts (quivered)
Jewellery
 b - a +4 ring of protection (left tentacle)
 e - an amulet of faith
 g - a ring of protection from fire (right tentacle)
 h - an amulet of the acrobat (around mantle)
Scrolls
 a - a scroll of teleportation {unknown}
 c - a scroll of magic mapping {unknown}
 f - a scroll of immolation {unknown}
 i - a scroll of fear {unknown}
 n - a scroll of torment {unknown}
Potions
 d - a potion of curing {unknown}
 j - a potion of ambrosia {unknown}
 k - a potion of lignification {unknown}
 m - a potion of might {unknown}


   Skills:
 + Level 3.9 Fighting
 + Level 3.9 Dodging
 - Level 3.1 Stealth
 + Level 3.8 Unarmed Combat


You had 3 spell levels left.
You didn't know any spells.
Your spell library contained the following spells:

 Spells                   Type           Power      Damage    Failure   Level
 Conjure Flame            Conj/Fire      0%         6-21      69%         3
 Ignite Poison            Fire/Tmut/Pois 0%         N/A       69%         3
 Sticky Flame             Conj/Fire      0%         2d3       97%         4
 Summon Ice Beast         Ice/Summ       0%         N/A       97%         4
 Summon Mana Viper        Hex/Summ       0%         N/A       100%        5
 Monstrous Menagerie      Summ           0%         N/A       100%        7


Dungeon Overview and Level Annotations

Branches:
Dungeon (4/15)
 Temple: D:4-7

Altars:

Annotations:
D:3 3 runed translucent doors, boopmooplesden's ghost, amateur GrGl; osinmv's ghost, weakling DgCj


Innate Abilities, Weirdness & Mutations

You cannot wear most types of armour.
You are amphibious.
You can wear up to eight rings at the same time.
Your skin changes colour to match your surroundings (Stealth+).
Your rubbery body absorbs attacks. (AC +1, EV +1)
((You are camouflaged near water. (Stealth+)))
You have tentacles for arms and can constrict up to eight enemies at once.


Message History

Found a scroll labelled ZEFRAS TUORES.
There is a stone staircase leading up here.
You climb upwards.
Level annotation: 3 runed translucent doors, boopmooplesden's ghost, amateur GrGl; osinmv's ghost, weakling DgCj
There is a stone staircase leading down here.
There is a stone staircase leading down here.
You climb downwards.
Found 7 gold pieces and a war axe.
There is a stone staircase leading up here.
You now have 82 gold pieces (gained 7).
Found a scroll labelled KEG PUMESUDUJ.
n - a scroll labelled KEG PUMESUDUJ An orc priest comes into view.
It is wielding a +0 short sword.
The orc priest shouts!
You hear a shout!
The orc priest calls down the wrath of Beogh upon you.
Beogh smites you!
You completely miss the orc priest. You grab the orc priest.
You constrict the orc priest, but do no damage.
The orc priest hits you with a +0 short sword.
You tentacle-slap the orc priest.
The orc priest is moderately wounded.
You constrict the orc priest, but do no damage.
The orc priest hits you but does no damage.
You tentacle-slap the orc priest but do no damage.
The orc priest is moderately wounded.
You constrict the orc priest, but do no damage.
An orc comes into view. It is wielding a +0 whip.
The orc priest hits you but does no damage.
You tentacle-slap the orc priest.
The orc priest is moderately wounded.
You constrict the orc priest. The orc hits you with a +0 club.
The orc priest hits you with a +0 short sword.
You release your grip on the orc priest.
The orc wizard gestures wildly while chanting.
The orc wizard flickers and vanishes!
Deactivating autopickup; reactivate with Ctrl-A.
The orc shouts!
The orc priest invokes the aid of Beogh against you.
Beogh smites you!
You die...

#.......###......#.....
##.......#...#.#.#....
.####..........###..#
................#...###.##
...##..##.....###o.......#
.......##..#...#.{#.......
...........##..o#.#.###...#
..###......###.o#.o.## ..o
...........##...@....#.....
............#......<.......
..............####>)###...o
....##......... ....# .
.... .......##.......#
............#..).##.... ..#
..... ###.## .... .. ..##
..


You could see an orc priest and 3 orcs.

Vanquished Creatures
  A jelly (D:3)
  4 dart slugs
  3 orcs (D:3)
  7 bats
  5 endoplasms
  A giant cockroach (D:3)
  3 goblins
  4 hobgoblins
  4 jackals (D:1)
  2 quokkas (D:2)
  11 ball pythons
  3 frilled lizards
  7 kobolds
  5 rats
60 creatures vanquished.

Notes
Turn   | Place    | Note
-------+----------+-------------------------------------------
     0 | D:1      | Thatpatchoflichen the Octopode Monk began the quest for the
                  | Orb.
     0 | D:1      | Reached XP level 1. HP: 16/16 MP: 1/1
     6 | D:1      | Found a faded altar of an unknown god.
   251 | D:1      | Reached XP level 2. HP: 17/21 MP: 2/2
   964 | D:1      | Reached XP level 3. HP: 20/26 MP: 3/3
  2278 | D:2      | Reached XP level 4. HP: 32/32 MP: 4/4
  3254 | D:3      | Found a runed translucent gate.
  3254 | D:3      | Found a runed translucent gate.
  3255 | D:3      | Found a runed translucent gate.
  3258 | D:3      | Noticed boopmooplesden's ghost (amateur GrGl)
  3258 | D:3      | Noticed osinmv's ghost (weakling DgCj)
  3545 | D:4      | Killed from afar by an orc priest

Illustrated notes

Levels and vault maps discovered:
D:1:      wander_arrival_fairy_ring, layout_loops_cross,
          hellmonk_ecumenical_altar_pennies_from_heaven, minmay_tromino_v7
D:2:      layout_loops_corners, minmay_fractal_squares_gapless_5
D:3:      layout_loops_cross, gammafunk_ghost_cemetery
D:4:      minmay_general_purpose_star, layout_cave_pools, uniq_robin,
          uniq_edmund, uniq_blork_the_orc

Skill      XL: |  1 |
---------------+----+-----
Stealth        | 3 |  3.1
Fighting       | |  3.9
Dodging        | |  3.9
Unarmed Combat | |  3.8

Action                   |  1- 3 |  4- 6 || total
-------------------------+-------+-------++-------
Melee: Unarmed           |    83 |    33 ||   116
       Tentacles         |    15 |     5 ||    20
       Constrict         |    21 |     6 ||    27
       Punch             |     2 |       ||     2
 Stab: Sleeping          |     9 |     3 ||    12
Armor: Skin              |     1 |     4 ||     5
Dodge: Dodged            |    53 |    20 ||    73
